 Dungeon Crawl Stone Soup version 0.19.4-25-g1b72edd (webtiles) character file.

430 GagarinX the Carver (level 6, -1/76 HPs)
             Began as a Minotaur Fighter on Mar 1, 2017.
             Was an Initiate of Okawaru.
             Slain by an adder (2 damage)
             ... on level 5 of the Dungeon.
             The game lasted 00:10:06 (3268 turns).

GagarinX the Carver (Minotaur Fighter)              Turns: 3268, Time: 00:10:07

Health: -1/76      AC: 23    Str: 20 (23) XL:     6   Next: 66%
Magic:  5/5        EV:  2    Int:  8 (10) God:    Okawaru [......]
Gold:   197        SH:  2    Dex:  8 (9)  Spells: 0 memorised, 5 levels left

rFire  + . .     SeeInvis .     a - +1 long sword
rCold  . . .     Gourm    .     (armour currently unavailable)
rNeg   + + +     Faith    .     (no shield)
rPois  +         Spirit   .     (helmet currently unavailable)
rElec  .         Reflect  +     (cloak currently unavailable)
rCorr  +         Harm     .     (gloves currently unavailable)
MR     .....     NoTele   +     (boots currently unavailable)
Stlth  +.........               F - +2 amulet of reflection
                                u - ring of protection from fire
                                w - ring of resist corrosion

@: brilliant, lethally poisoned (-1 -> -7), tree-form, very slightly
contaminated
A: (retaliatory headbutt), (horns 0)
a: Renounce Religion


You were on level 5 of the Dungeon.
You worshipped Okawaru.
Okawaru was noncommittal.
You were hungry.
You were a tree.
You visited 2 branches of the dungeon, and saw 6 of its levels.

You collected 197 gold pieces.

Inventory:

Hand Weapons
 a - a +1 long sword (weapon)
Armour
 b - a +0 scale mail (melded)
 c - a +0 shield
Jewellery
 t - an uncursed ring of protection from cold
 u - a ring of protection from fire (right branch)
 v - an uncursed ring of ice
 w - a ring of resist corrosion (left branch)
 C - an uncursed ring of stealth
 F - a +2 amulet of reflection (around neck)
Wands
 r - a wand of iceblast (4/15)
Scrolls
 k - 4 scrolls of remove curse
 y - 2 scrolls of identify
Potions
 d - 3 potions of might
 g - a potion of brilliance
 h - a potion of heal wounds {unknown}
 l - a potion of resistance {unknown}
 m - a potion of curing {unknown}
 o - a potion of haste {unknown}
 q - a potion of lignification
 s - a potion of degeneration
Comestibles
 f - 6 bread rations
 n - 2 meat rations
 x - a fruit
 z - a slice of pizza


   Skills:
 - Level 3.6 Fighting
 + Level 8.7 Long Blades
 - Level 3.6 Armour
 - Level 3.6 Shields


You had 5 spell levels left.
You didn't know any spells.

Dungeon Overview and Level Annotations

Branches:
Dungeon (5/15)             Temple (1/1) D:4

Altars:
Ashenzari
Cheibriados
Fedhas
Kikubaaqudgha
Nemelex Xobeh
Okawaru
Qazlal
Sif Muna
Trog
Zin
The Shining One


Innate Abilities, Weirdness & Mutations

((You reflexively headbutt those who attack you in melee.))
((You have a pair of horns on your head.))


Message History

* * * LOW HITPOINT WARNING * * *
You feel sick.
The bullfrog skeleton barely misses you.
The adder bites you but does no damage.
The orc priest hits you but does no damage.
The orc hits you but does no damage.
It was a potion of degeneration.
There was something very wrong with that liquid.
You feel weakened.
You feel dopey.
You feel clumsy.
* * * LOW HITPOINT WARNING * * *
You feel sick. The bullfrog skeleton hits you.
* * * LOW HITPOINT WARNING * * *
The adder bites you but does no damage. You block the orc priest's attack.
The bullfrog skeleton barely misses you.
You block the orc's attack.
You hit the orc priest but do no damage.
The orc priest is almost dead.
* * * LOW HITPOINT WARNING * * *
You feel sick. The adder bites you.
You die...

*,*,≈≈≈.*....####..####...,,,*,,,
,,*≈,,,≈*............###..,,,,,,,
,,*≈,_,≈*,#.....##.#......,,,,,,,
,,*≈,,,≈*,#.###.......#.##**,,,,,
,,*,≈≈≈,*.#...#.....s.#,# ***,,,
*,*,,,,,*.....#.......#.* ****,,
*,,*,,,*,......./.......#***,,,,,
*,,,*,*,,.......S)....#...,,,****
*,,,,*,,,.......♣)...(..##****
*,,,,,,,,......Zoo.......*
*,,,,,,,,................#*****
*,,,,,,,,.......##........,,,,*
*,,,,,,,,.......,,....#..,,,,,*
,,,,,,,,,.......,,......,,,,,,*
,,*,,,,,*.......,,......,,,>,,***
,,*,*****#####..,,,.#...,,,,,,>,,
,,*,** *,,,,,,,,,,,,,,,,,***


You could see an orc priest, an adder, an orc, a giant cockroach and a bullfrog
skeleton.

Vanquished Creatures
  2 howler monkeys (D:4)
  A crimson imp (D:5)
  An orc priest (D:4)
  A jelly (D:5)
  An orc wizard (D:3)
  A centaur skeleton (D:4)
  An iguana (D:4)
  A worker ant (D:4)
  A hound skeleton (D:4)
  3 adders (D:2)
  2 oozes
  A worm (D:3)
  A dart slug (D:1)
  2 leopard geckos
  19 orcs
  5 giant cockroaches
  7 hobgoblins
  13 jackals
  2 kobolds
  4 bats
  4 frilled lizards
  6 goblins
  A quokka zombie (D:5)
  6 rats
86 creatures vanquished.

Notes
Turn   | Place    | Note
-------+----------+-------------------------------------------
     0 | D:1      | GagarinX the Minotaur Fighter began the quest for the Orb.
     0 | D:1      | Reached XP level 1. HP: 19/19 MP: 0/0
   107 | D:1      | Reached skill level 3 in Long Blades
   117 | D:1      | Reached XP level 2. HP: 26/26 MP: 1/1
   534 | D:1      | Reached skill level 4 in Long Blades
   677 | D:2      | Reached XP level 3. HP: 28/31 MP: 2/2
   775 | D:2      | Found a bloodstained altar of Trog.
  1017 | D:2      | Reached skill level 5 in Long Blades
  1210 | D:2      | Reached XP level 4. HP: 39/39 MP: 3/3
  1428 | D:3      | Reached skill level 6 in Long Blades
  1813 | D:3      | Reached XP level 5. HP: 45/45 MP: 4/4
  1954 | D:3      | Found a blossoming altar of Fedhas.
  2152 | D:4      | Reached skill level 7 in Long Blades
  2306 | D:4      | Reached XP level 6. HP: 22/51 MP: 5/5
  2562 | D:4      | Found a staircase to the Ecumenical Temple.
  2572 | Temple   | Entered the Ecumenical Temple
  2643 | Temple   | Became a worshipper of Warmaster Okawaru
  2752 | D:4      | Reached skill level 8 in Long Blades
  3158 | D:5      | Entered Level 5 of the Dungeon
  3267 | D:5      | HP: 2/76 [bullfrog skeleton (4)]
  3268 | D:5      | Slain by an adder

Skill      XL: |  1  2  3  4  5  6 |
---------------+-------------------+-----
Long Blades    | 3 4 5 6 7 8 |  8.7
Fighting       | |  3.6
Armour         | |  3.6
Shields        | |  3.6

Action                   |  1- 3 |  4- 6 || total
-------------------------+-------+-------++-------
Melee: Long sword        |    70 |   113 ||   183
       Headbutt          |     6 |    21 ||    27
  Use: Scroll            |       |    14 ||    14
       Potion            |       |     3 ||     3
  Eat: Chunk             |     1 |     6 ||     7
Armor: Scale mail        |    42 |    52 ||    94
       Skin              |       |     3 ||     3
Dodge: Dodged            |    37 |    80 ||   117
Block: Other             |       |     7 ||     7
       Rpst.: Long sword |    12 |    29 ||    41
